 Dungeon Crawl Stone Soup version 0.31-b1-17-gcfd88c8481 (webtiles) character file.

Game seed: 15177752525814662447

384 Cheops the Poker (level 6, -4/32 HPs)
             Began as a Vine Stalker Fighter on Jan 15, 2024.
             Was a Follower of Uskayaw.
             Slain by a crocodile (12 damage)
             ... in a sewer.
             The game lasted 00:10:47 (3469 turns).

Cheops the Poker (Vine Stalker Fighter)             Turns: 3469, Time: 00:10:48

Health: -4/32      AC:  6    Str: 20    XL:     6   Next: 77%
Magic:  0/7        EV:  9    Int:  8    God:    Uskayaw [*.....]
Gold:   193        SH:  5    Dex: 14    Spells: 5/5 levels left

rFire   . . .        a - +0 trident
rCold   . . .        c - +0 buckler
rNeg    . . .        b - +0 scale mail
rPois   .            (no helmet)
rElec   .            (no cloak)
rCorr   .            (no gloves)
SInv    .            (no boots)
Will    .....        (no amulet) Stlth
                     (no ring)
HPRegen 1.05/turn    (no ring)
MPRegen 0.10/turn

%: guardian spirit
@: no status effects
A: fangs 2, regeneration 1, magic shield, antimagic bite, no potion heal 2
a: Renounce Religion, Stomp


You were in a sewer.
You worshipped Uskayaw.
Uskayaw was noncommittal.
You visited 1 branch of the dungeon, and saw 4 of its levels.
You also visited: Sewer.

You collected 193 gold pieces.

Inventory:

Hand Weapons
 a - a +0 trident (weapon)
Armour
 b - a +0 scale mail (worn)
 c - a +0 buckler (worn)
 u - a +1 leather armour of fire resistance
 v - a +0 scale mail of cold resistance
Jewellery
 q - a ring of wizardry
 t - an amulet of the acrobat
Wands
 e - a wand of digging (7)
Scrolls
 g - 3 scrolls of blinking
 h - a scroll of silence {unknown}
 k - a scroll of enchant armour {unknown}
 m - a scroll of immolation {unknown}
 n - 2 scrolls of revelation {unknown}
 o - a scroll of teleportation
 r - a scroll of vulnerability
 x - a scroll of amnesia {unknown}
 y - a scroll of enchant weapon {unknown}
 z - a scroll of fear {unknown}
Potions
 d - a potion of might
 f - 2 potions of degeneration {unknown}
 i - 2 potions of curing {unknown}
 j - 2 potions of haste {unknown}
 l - a potion of berserk rage {unknown}
 p - 2 potions of lignification {unknown}
 s - a potion of ambrosia {unknown}
 w - a potion of attraction {unknown}


   Skills:
 - Level 2.6 Fighting
 + Level 6.2 Polearms
 - Level 2.4 Armour
 - Level 3.0 Shields


You had 5 spell levels left.
You didn't know any spells.
Your spell library contained the following spells:

 Spells                   Type           Power      Damage    Failure   Level
 Foxfire                  Conj/Fire      0%         2x1d4     83%         1
 Plasma Beam              Fire/Air       0%         2x1d10    100%        6
 Starburst                Conj/Fire      0%         6d3       100%        6


Dungeon Overview and Level Annotations

Branches:
Dungeon (4/15)              Sewer (1/1)
 Temple: D:4-7

Altars:
Trog
Uskayaw
Zin


Innate Abilities, Weirdness & Mutations

You have extremely sharp teeth.
Your natural rate of healing is unusually fast.
When hurt, damage is shared between your health and your magic reserves.
Your bite disrupts and absorbs the magic of your enemies.
Potions cannot restore your health.


Message History

The crocodile is moderately wounded.
The crocodile barely misses you.
You hit the crocodile.
The crocodile is heavily wounded.
You block the crocodile's attack.
You closely miss the crocodile. Your bite misses the crocodile.
The crocodile is heavily wounded.
The crocodile bites you but does no damage.
You barely miss the crocodile.
The crocodile is heavily wounded.
The crocodile bites you! The crocodile drags you backwards!
You hit the crocodile but do no damage.
The crocodile is heavily wounded.
The crocodile bites you!
* * * LOW HITPOINT WARNING * * *
You are too injured to fight recklessly!
You are too injured to fight recklessly!
You closely miss the crocodile.
The crocodile is heavily wounded.
The crocodile barely misses you.
You completely miss the crocodile. Your bite misses the crocodile.
The crocodile is heavily wounded.
You block the crocodile's attack.
You miss the crocodile.
The crocodile is heavily wounded.
The crocodile closely misses you.
You closely miss the crocodile.
The crocodile is heavily wounded.
You block the crocodile's attack.
You barely miss the crocodile. You bite the crocodile. You drain its power.
You feel invigorated.
The crocodile is heavily wounded.
The crocodile bites you.
* * * LOW HITPOINT WARNING * * *
You hit the crocodile.
The crocodile is severely wounded.
The crocodile bites you!
* * * LOW HITPOINT WARNING * * *
The crocodile bites you!
You die...

(/#. ~#.#
#~~.
##.~.##
#~..~.#
.....##
#..l#
#~@##
#...#
##..# #.
#..# #.~
#..# #~.#
##..# #..~
#~..#
#..###~.##
#...#...#


You could see a crocodile.

Vanquished Creatures
  An ogre (D:4)
  A hound (D:4)
  2 orc priests (D:3)
  Terence (D:3)
  Jessica (D:2)
  A gnoll (D:1)
  3 adders (D:4)
  A white imp (D:4)
  2 dart slugs
  5 ribbon worms
  5 orcs
  7 ball pythons
  8 bats
  7 endoplasms
  4 giant cockroaches
  4 goblins
  6 hobgoblins
  14 jackals
  6 quokkas
  2 frilled lizards (D:1)
  9 kobolds
  4 rats
94 creatures vanquished.

Notes
Turn   | Place    | Note
-------+----------+-------------------------------------------
     0 | D:1      | Cheops the Vine Stalker Fighter began the quest for the
                  | Orb.
     0 | D:1      | Reached XP level 1. HP: 11/11 MP: 2/2
    44 | D:1      | Reached skill level 2 in Polearms
    54 | D:1      | Reached XP level 2. HP: 16/16 MP: 3/3
   314 | D:1      | Reached XP level 3. HP: 19/19 MP: 4/4
   406 | D:1      | Reached skill level 3 in Polearms
   421 | D:1      | Found a faded altar of an unknown god.
   971 | D:1      | Found a faded altar of an unknown god.
  1430 | D:2      | Reached XP level 4. HP: 23/23 MP: 5/5
  1657 | D:2      | Noticed Jessica
  1661 | D:2      | Killed Jessica
  1662 | D:2      | Reached skill level 4 in Polearms
  2229 | D:3      | Found a glowing silver altar of Zin.
  2231 | D:3      | Noticed Terence
  2245 | D:3      | Killed Terence
  2246 | D:3      | Reached XP level 5. HP: 27/27 MP: 4/6
  2313 | D:3      | Reached skill level 5 in Polearms
  2651 | D:3      | Found a hide-covered altar of Uskayaw.
  2667 | D:3      | Found a bloodstained altar of Trog.
  2989 | D:3      | Became a worshipper of Uskayaw the Reveller
  3029 | D:4      | Reached * piety under Uskayaw
  3030 | D:4      | Reached XP level 6. HP: 32/32 MP: 7/7
  3063 | D:4      | Reached ** piety under Uskayaw
  3159 | D:4      | Reached skill level 6 in Polearms
  3351 | D:4      | Found a glowing drain.
  3372 | Sewer    | Entered a sewer
  3469 | Sewer    | Slain by a crocodile

Illustrated notes

Levels and vault maps discovered:
D:1:      minmay_arrival_open_corners, layout_basic,
          hellmonk_ecumenical_altar_dog_temple, minmay_octomino_e4
D:2:      layout_basic, uniq_jessica
D:3:      layout_rooms, zin_academy, mainiacjoe_overflow_large_starburst,
          minmay_checkerbox, uniq_terence
D:4:      layout_basic, gammafunk_ghost_cemetery, gup_sewer_entry_spiral,
          grunt_ministairs_3, grunt_decor_cap, uniq_robin, uniq_natasha
Sewer:    sewer_the_crocodile

Skill      XL: |  1  2  3  4  5  6 |
---------------+-------------------+-----
Polearms       | 2 3 4 5 6 |  6.2
Shields        | 3 |  3.0
Fighting       | |  2.6
Armour         | |  2.4

Action                     |  1- 3 |  4- 6 || total
---------------------------+-------+-------++-------
  Melee: Trident           |   106 |   206 ||   312
         Bite              |    24 |    38 ||    62
 Invoke: Stomp             |       |     3 ||     3
    Use: Scroll            |       |     3 ||     3
 Armour: Scale mail        |    68 |   110 ||   178
  Dodge: Dodged            |    43 |    86 ||   129
  Block: Buckler           |    20 |    33 ||    53
